[Event "Team 45 45 League T60"]
[Site "Internet Chess Club"]
[Date "2014.03.28"]
[Round "5"]
[White "imgr8"]
[Black "Gater-Nation"]
[Result "1-0"]
[WhiteElo "2176"]
[BlackElo "1993"]
[Opening "Sicilian"]
[ECO "B50"]
[Time "10:14:43"]
[TimeControl "2700+45"]

1. e4 c5 2. Nf3 d6 3. Bc4 Nc6 4. c3 Nf6 5. d3 Bg4 6. Qb3 e6 7. Qxb7 Rc8 8. Bb5
Qd7 9. Qxd7+ Nxd7 10. Nbd2 Be7 11. h3 Bh5 12. O-O O-O 13. Re1 Rc7 14. Nh2 Rb8
15. Ba4 Nb6 16. Bc2 g5 17. Ndf1 h6 18. g4 Bg6 19. Ng3 Ne5 20. f4 gxf4 21. Bxf4
c4 22. d4 Nd3 23. Bxd3 cxd3 24. Bxh6 Na4 25. Bc1 Nxb2 26. Rb1 Rcb7 27. Nf3 Nc4
28. Rxb7 Rxb7 29. Nf1 Bd8 30. N1d2 Nxd2 31. Bxd2 Rb2 32. a4 Ba5 33. Re3 Rc2 34.
Kf1 d5 35. exd5 exd5 36. Ke1 Bxc3 37. Bxc3 Rxc3 38. Ne5 Be4 39. Kd2 Rc2+ 40. Kd1
Ra2 41. Nd7 Rf2 42. Ne5 Ra2 43. Nd7 Kg7 44. Nc5 Bg6 45. Rf3 Rc2 46. h4 Rc4 47.
Rf4 Be4 48. Nxe4 Rxd4 49. Ng3 Rxf4 50. Nh5+ {Black resigns} 1-0

[Event "Team 45 45 League T60"]
[Site "Internet Chess Club"]
[Date "2014.03.30"]
[Round "5"]
[White "imawesome"]
[Black "f5"]
[Result "1-0"]
[WhiteElo "1866"]
[BlackElo "2155"]
[Opening "Vienna game"]
[ECO "C28"]
[Time "15:31:21"]
[TimeControl "2700+45"]

1. e4 e5 2. Bc4 Nc6 3. Nc3 Nf6 4. d3 Na5 5. Qf3 Nxc4 6. dxc4 d6 7. Nge2 Be6 8.
Qd3 Be7 9. O-O Nd7 10. b3 O-O 11. Ng3 Bg5 12. Ba3 g6 13. Nd5 Bh6 14. Rad1 b6 15.
Nxc7 Qxc7 16. Bxd6 Qc6 17. Bxf8 Rxf8 18. f3 Re8 19. Ne2 Nc5 20. Qd6 Qxd6 21.
Rxd6 Be3+ 22. Kh1 Kf8 23. Nc3 Nb7 24. Rd3 Bg5 25. Rfd1 Rc8 26. Nb5 a6 27. Nc3
Be7 28. Nd5 Bc5 29. g3 a5 30. Kg2 h5 31. Nc3 Ke8 32. Kf1 Nd8 33. Na4 Nc6 34.
Nxc5 bxc5 35. c3 a4 36. Rd6 axb3 37. axb3 Na5 38. Rb6 Nxb3 39. Kf2 Na5 40. Ra1
Nxc4 41. Rb7 Kf8 42. Raa7 Rd8 43. Rc7 Nb2 44. Ke2 Bc4+ 45. Kf2 Rd2+ 46. Kg1 Rd1+
47. Kg2 Rd2+ 48. Kh3 Be6+ 49. Kh4 Kg7 50. Kg5 Nd3 51. f4 exf4 52. Ra6 fxg3 53.
Rxe6 Nf4 54. Ree7 Nh3+ 55. Kh4 Rf2 56. Kxg3 g5 57. Kxh3 Kg6 58. Kg3 Rf6 59. Rxc5
g4 60. Rf5 {Black resigns} 1-0

[Event "Team 45 45 League T60"]
[Site "Internet Chess Club"]
[Date "2014.03.30"]
[Round "5"]
[White "BigH"]
[Black "juniorVishy"]
[Result "0-1"]
[WhiteElo "2110"]
[BlackElo "1775"]
[Opening "Queen's pawn, Mason variation"]
[ECO "D00"]
[Time "15:08:46"]
[TimeControl "2700+45"]

1. d4 d5 2. Bf4 Nf6 3. e3 e6 4. Nd2 c5 5. c3 Nc6 6. Ngf3 Bd6 7. Bg3 O-O 8. Bd3
b6 9. Ne5 Bb7 10. f4 Ne7 11. Bh4 Ng6 12. Bg5 c4 13. Bc2 b5 14. h4 Be7 15. Bxf6
gxf6 16. Nef3 f5 17. Ng5 h6 18. Qh5 hxg5 19. hxg5 Re8 20. Qh7+ Kf8 21. Qh6+ Kg8
22. O-O-O a5 23. Rh2 b4 24. Rdh1 Bf6 25. gxf6 Qxf6 26. Nf3 Qg7 27. Ne5 Qxh6 28.
Rxh6 Nxe5 29. Rh8+ Kg7 30. R8h7+ Kf8 31. fxe5 Ke7 32. g4 fxg4 33. Rf1 Rf8 34.
Bg6 Bc6 35. Bxf7 Kd8 36. Rfh1 g3 37. Bxe6 g2 38. Rd1 Rf1 39. Rg7 Ba4 40. b3 cxb3
41. Rxg2 Rxd1+ 42. Kb2 bxa2 43. Kxa2 bxc3 44. Bxd5 Rd2+ {White resigns} 0-1

[Event "Team 45 45 League T60"]
[Site "Internet Chess Club"]
[Date "2014.03.29"]
[Round "5"]
[White "chessfreak2001"]
[Black "xt"]
[Result "1/2-1/2"]
[WhiteElo "1571"]
[BlackElo "1577"]
[Opening "Sicilian defense"]
[ECO "B33"]
[Time "17:06:50"]
[TimeControl "2700+45"]

1. e4 c5 2. Nf3 Nc6 3. d4 cxd4 4. Nxd4 Nf6 5. Nc3 a6 6. Be3 d6 7. Qd2 e6 8. f3
Be7 9. O-O-O Qc7 10. g4 h6 11. h4 Bd7 12. Bg2 O-O-O 13. Nb3 Ne5 14. Qf2 Nc4 15.
Qe2 Nxe3 16. Qxe3 Kb8 17. Kb1 Bc8 18. Rd2 Nd7 19. h5 d5 20. Qe2 Nb6 21. exd5 Bg5
22. Rd3 exd5 23. Rhd1 Rhe8 24. Qf2 Be6 25. f4 Bxf4 26. Bxd5 Nxd5 27. Nxd5 Bxd5
28. Rxd5 Rxd5 29. Rxd5 Bg3 30. Qf3 Re1+ 31. Rd1 Rxd1+ 32. Qxd1 Bf2 33. Qe2 Bb6
34. a3 Ka7 35. Qe4 Qd7 36. Qf3 Qe6 37. Ka2 a5 38. Kb1 Qe1+ 39. Ka2 Qe6 40. Kb1
a4 41. Nc1 Qe1 42. Qe2 Qa5 43. Nd3 Qd5 44. Nb4 Qd7 45. Qf3 Bc5 46. Nd3 Bd4 {Game
drawn by mutual agreement} 1/2-1/2

[Event "Team 45 45 League T60"]
[Site "Internet Chess Club"]
[Date "2014.03.28"]
[Round "5"]
[White "Achelous"]
[Black "chessnow"]
[Result "1-0"]
[WhiteElo "1730"]
[BlackElo "1455"]
[Opening "Bishop's opening: Berlin defense"]
[ECO "C24"]
[Time "22:00:34"]
[TimeControl "2700+45"]

1. e4 e5 2. Bc4 Nf6 3. Qe2 Bc5 4. Bxf7+ Kxf7 5. Qc4+ Ke7 6. Qxc5+ d6 7. Qb4 Nc6
8. Qc4 Be6 9. Qa4 Rf8 10. Nf3 Qd7 11. d3 Bg4 12. Be3 Bxf3 13. gxf3 Qh3 14. Nd2
h6 15. O-O-O Qe6 16. Rdg1 Rg8 17. f4 a6 18. fxe5 Qxe5 19. f4 Qe6 20. e5 Nd7 21.
exd6+ Qxd6 22. f5 Kd8 23. Qb3 Re8 24. Ne4 Na5 25. Qa4 Qe5 26. Bd4 Qxf5 27. Rxg7
Nc6 28. Be3 Qe6 29. Rhg1 h5 30. Bf4 Kc8 31. Rxd7 Qxd7 32. Nf6 Qe7 33. Nxe8 Qxe8
34. Qc4 Qe7 35. Rg8+ Nd8 36. Qc3 b6 37. Bg5 Qd7 38. Rxd8+ Qxd8 39. Bxd8 {Black
resigns} 1-0

[Event "Team 45 45 League T60"]
[Site "Internet Chess Club"]
[Date "2014.03.30"]
[Round "5"]
[White "stevyk6"]
[Black "mongmong"]
[Result "1-0"]
[WhiteElo "1603"]
[BlackElo "1649"]
[Opening "French: Tarrasch, open variation"]
[ECO "C07"]
[Time "20:00:19"]
[TimeControl "2700+45"]

1. e4 e6 2. d4 d5 3. Nd2 c5 4. c3 cxd4 5. cxd4 dxe4 6. Nxe4 Bb4+ 7. Bd2 Qxd4 8.
Nc3 Bxc3 9. Bxc3 Qxd1+ 10. Rxd1 f6 11. Nf3 a6 12. Ba5 Nc6 13. Bc3 Bd7 14. Be2
Nge7 15. O-O Nd5 16. Bd2 O-O 17. Bc4 Nb6 18. Bb3 Kh8 19. Rfe1 Rad8 20. Bc3 Rfe8
21. Nd4 Nxd4 22. Rxd4 e5 23. Rdd1 Bc6 24. Rxd8 Rxd8 25. Ba5 Rd4 26. Bxb6 Rg4 27.
f3 Bxf3 28. Bd1 Bxd1 29. Rxd1 h6 30. Rd8+ Kh7 31. Rb8 Rb4 32. Rxb7 Rxb2 33. a4
a5 34. Rb8 Ra2 35. Bxa5 Rxa4 36. Bc7 Ra1+ 37. Kf2 Ra2+ 38. Kg3 Ra3+ 39. Kg4 Kg6
40. Rg8 f5+ 41. Kh4 Ra4+ 42. Kh3 Ra3+ 43. g3 e4 44. Bd6 Rd3 45. Be5 Rd7 46. Rc8
Re7 47. Rc5 e3 48. Kg2 Ra7 49. Kf3 e2 50. Kxe2 Ra2+ 51. Kf3 Rxh2 52. Rc7 Rh1 53.
Rxg7+ Kh5 54. Rf7 Kg6 55. Rf6+ Kg5 56. Rd6 Rf1+ 57. Kg2 Rb1 58. Bf4+ Kh5 59.
Rxh6+ Kg4 60. Rh4# {Black checkmated} 1-0

[Event "Team 45 45 League T60"]
[Site "Internet Chess Club"]
[Date "2014.04.02"]
[Round "5"]
[White "oldsj"]
[Black "allychess"]
[Result "1-0"]
[WhiteElo "1629"]
[BlackElo "1414"]
[Opening "Ruy Lopez: 5.O-O"]
[ECO "C78"]
[Time "18:00:29"]
[TimeControl "2700+45"]

1. e4 e5 2. Nf3 Nc6 3. Bb5 a6 4. Ba4 Nf6 5. O-O b5 6. Bb3 Bc5 7. c3 d6 8. d4 Bb6
9. h3 O-O 10. Re1 Bd7 11. d5 Ne7 12. Nbd2 Qc8 13. Nf1 Qb7 14. Bg5 Qa7 15. Ne3
Ng6 16. Bxf6 gxf6 17. Nh2 Nf4 18. Nhg4 h5 19. Nxf6+ Kg7 20. Nxd7 Ba5 21. Nxf8
Rxf8 22. Qf3 Ng6 23. Nf5+ Kg8 24. Qg3 Qb6 25. Ne7+ Kg7 26. Nxg6 fxg6 27. Bd1 Rh8
28. Re3 h4 29. Qg5 Kg8 30. Qxg6+ Kf8 31. Rf3+ Ke7 32. Rf7+ Kd8 33. Qf6+ Kc8 34.
Qxh8+ Kb7 35. Rf8 Qa7 36. Bg4 c5 37. Rf7+ Kb6 38. Rxa7 Kxa7 39. Re1 Bb6 40. Re3
c4 41. Rf3 Bc7 42. Rf7 Kb6 43. Rxc7 {Black resigns} 1-0

[Event "Team 45 45 League T60"]
[Site "Internet Chess Club"]
[Date "2014.03.29"]
[Round "5"]
[White "tightfist"]
[Black "edwspin"]
[Result "0-1"]
[WhiteElo "1612"]
[BlackElo "1593"]
[Opening "Polish (Sokolsky) opening"]
[ECO "A00"]
[Time "21:06:01"]
[TimeControl "2700+45"]

1. b4 e5 2. Bb2 d6 3. c4 Nd7 4. Nc3 Ne7 5. Nf3 g6 6. e4 Bg7 7. Be2 b6 8. d4 exd4
9. Nxd4 O-O 10. a3 Bb7 11. O-O a6 12. f4 c5 13. Nf3 Qc7 14. Rb1 Rad8 15. Nd5
Nxd5 16. cxd5 Nf6 17. Qc2 Ng4 18. Bxg7 Kxg7 19. Qc3+ Kg8 20. Ng5 Bc8 21. Nxh7
Kxh7 22. Qh3+ Nh6 23. f5 Qe7 24. Bd3 Qe5 25. fxg6+ fxg6 26. Qe3 Ng4 27. Qh3+ Kg7
28. Qg3 Qd4+ 29. Kh1 Ne3 30. Rxf8 Rxf8 31. Be2 Qxe4 32. Re1 cxb4 33. Bf3 Rxf3
34. gxf3 Qd4 35. Qxd6 Bf5 36. Qe7+ Kh6 37. Rxe3 Qd1+ 38. Kg2 Qd2+ 39. Kg3 Qd4
40. axb4 a5 41. Qf8+ Kh5 42. Re7 Kg5 43. Re1 Qh4+ 44. Kg2 Bh3+ 45. Kg1 Qxe1#
{White checkmated} 0-1

[Event "Team 45 45 League T60"]
[Site "Internet Chess Club"]
[Date "2014.03.30"]
[Round "5"]
[White "isolani"]
[Black "whiskeytown"]
[Result "1-0"]
[WhiteElo "1648"]
[BlackElo "1528"]
[Opening "King's Indian: London system"]
[ECO "A48"]
[Time "15:00:32"]
[TimeControl "2700+45"]

1. d4 Nf6 2. Nf3 g6 3. Bf4 Bg7 4. e3 d6 5. Bd3 c5 6. dxc5 Qa5+ 7. Nbd2 Qxc5 8.
O-O Nc6 9. e4 O-O 10. Be3 Qa5 11. h3 Bd7 12. Re1 Rac8 13. c3 Ne5 14. Nxe5 dxe5
15. Nc4 Qc7 16. a4 a6 17. Nb6 Rcd8 18. Qe2 Bc6 19. f3 Nd7 20. a5 Nxb6 21. Bxb6
Qd6 22. Bxd8 Rxd8 23. Red1 Qc5+ 24. Qf2 {Black resigns} 1-0

[Event "Team 45 45 League T60"]
[Site "Internet Chess Club"]
[Date "2014.03.30"]
[Round "5"]
[White "BotanicalKnight"]
[Black "Berke"]
[Result "1/2-1/2"]
[WhiteElo "1522"]
[BlackElo "1461"]
[Opening "Sicilian: closed"]
[ECO "B23"]
[Time "17:00:30"]
[TimeControl "2700+45"]

1. e4 c5 2. Nc3 g6 3. g3 a6 4. Bg2 e5 5. d3 Nc6 6. f4 d6 7. Nf3 Bg7 8. O-O Nge7
9. Rb1 Bg4 10. h3 Bxf3 11. Bxf3 Nd4 12. Bg2 Rb8 13. Ne2 O-O 14. c3 Ndc6 15. g4
exf4 16. Bxf4 b5 17. a3 Ne5 18. Qd2 c4 19. d4 Nd3 20. Bh6 Rc8 21. Bxg7 Kxg7
{Game drawn by mutual agreement} 1/2-1/2

[Event "Team 45 45 League T60"]
[Site "Internet Chess Club"]
[Date "2014.03.31"]
[Round "5"]
[White "eknuds01"]
[Black "Portola"]
[Result "0-1"]
[WhiteElo "1639"]
[BlackElo "1756"]
[Opening "Catalan: closed, 5.Nf3"]
[ECO "E06"]
[Time "19:05:59"]
[TimeControl "2700+45"]

1. c4 e6 2. Nf3 d5 3. g3 Nf6 4. Bg2 Be7 5. d4 O-O 6. O-O b6 7. Nc3 Bb7 8. cxd5
exd5 9. Bd2 Nbd7 10. Rc1 c5 11. e3 a6 12. Qb3 c4 13. Qc2 b5 14. a3 Bd6 15. Na2
Nb6 16. Bb4 Bxb4 17. Nxb4 Qd6 18. Ne5 Rac8 19. Na2 Rfe8 20. Nc3 Re7 21. Bh3 Rcc7
22. Rfe1 Ba8 23. Rcd1 Bb7 24. Bg2 Ba8 25. f3 Nfd7 26. Nxd7 Rcxd7 27. e4 dxe4 28.
fxe4 Qg6 29. Qf2 Re8 30. Bh3 Rdd8 31. Bf5 Qh6 32. Qc2 g6 33. Bg4 Qg5 34. Bf3 h5
35. Bg2 Qe7 36. a4 b4 37. Na2 b3 {White resigns} 0-1

[Event "Team 45 45 League T60"]
[Site "Internet Chess Club"]
[Date "2014.04.01"]
[Round "5"]
[White "rubo"]
[Black "Packerfan"]
[Result "0-1"]
[WhiteElo "1616"]
[BlackElo "1749"]
[Opening "Bird: From gambit, Lasker variation"]
[ECO "A02"]
[Time "14:00:14"]
[TimeControl "2700+45"]

1. f4 e5 2. fxe5 d6 3. exd6 Bxd6 4. Nf3 g5 5. d4 g4 6. Ng5 h6 7. Ne4 Nc6 8.
Nxd6+ Qxd6 9. c3 g3 10. e4 h5 11. e5 Qg6 12. Bd3 Qg7 13. Bf4 gxh2 14. Rxh2 Bg4
15. Qb3 O-O-O 16. Ba6 bxa6 17. Qa4 Nb8 18. Nd2 Ne7 19. Ne4 Nd5 20. Nc5 Nxf4 21.
Kf2 Ne6 22. Nxa6 f6 23. Nxb8 Kxb8 24. Qb5+ Kc8 25. Qa6+ Kd7 26. d5 fxe5 27.
dxe6+ Bxe6 28. Rd1+ Ke7 29. Qa3+ Kf7 30. Rf1 Bc4 31. Rh3 Rd2+ 32. Ke1+ Bxf1 33.
Rf3+ Kg8 34. Qb3+ Kh7 35. Rf7 Rxg2 36. Rxg7+ Rxg7 37. Kxf1 Rhg8 38. Kf2 h4 39.
Qc2+ Kh6 40. Qd2+ Rg5 41. Kf3 Kh5 42. Ke4 h3 43. Qe2+ Kh4 44. Qf2+ Rg3 45. Kxe5
Re8+ 46. Kd5 Kg4 47. Qd4+ Kf3 48. Qd1+ Re2 49. Qf1+ Rf2 50. Qh1+ Ke2 51. Qe4+
Re3 52. Qc2+ Kf1 53. Qd1+ Kg2 54. Qg4+ Rg3 55. Qe4+ Kh2 56. Qe1 Rxb2 57. c4 Rxa2
58. Qf1 Rd2+ 59. Kc6 a5 60. Kb5 Rb2+ 61. Kxa5 Ra3# {White checkmated} 0-1

[Event "Team 45 45 League T60"]
[Site "Internet Chess Club"]
[Date "2014.03.29"]
[Round "5"]
[White "tryanything"]
[Black "evan7284"]
[Result "1-0"]
[WhiteElo "1617"]
[BlackElo "1546"]
[Opening "KGA: bishop's gambit, Boden defense"]
[ECO "C33"]
[Time "05:30:32"]
[TimeControl "2700+45"]

1. e4 e5 2. f4 exf4 3. Bc4 Qh4+ 4. Kf1 Nc6 5. Nf3 Qh5 6. d4 g5 7. Nc3 Bg7 8. e5
Nge7 9. Ne4 Nf5 10. Nexg5 Ng3+ 11. Kg1 O-O 12. hxg3 Qg6 13. Bxf4 {Black resigns}
1-0

[Event "Team 45 45 League T60"]
[Site "Internet Chess Club"]
[Date "2014.03.30"]
[Round "5"]
[White "idjit"]
[Black "PostMike"]
[Result "1-0"]
[WhiteElo "1639"]
[BlackElo "1426"]
[Opening "Sicilian: Canal-Sokolsky (Nimzovich-Rossolimo, Moscow) attack"]
[ECO "B51"]
[Time "14:30:29"]
[TimeControl "2700+45"]

1. e4 c5 2. Nf3 d6 3. Bb5+ Nd7 4. d4 cxd4 5. Qxd4 a6 6. Bc4 Ngf6 7. O-O b5 8.
Bb3 Bb7 9. Nc3 Nc5 10. Re1 Nxb3 11. axb3 e6 12. Bg5 Be7 13. Rad1 O-O 14. e5 Bxf3
15. exf6 Bxd1 16. fxe7 Qd7 17. exf8=Q+ Rxf8 18. Rxd1 {Black resigns} 1-0

[Event "Team 45 45 League T60"]
[Site "Internet Chess Club"]
[Date "2014.03.30"]
[Round "5"]
[White "Stiltzkin"]
[Black "badmove"]
[Result "1-0"]
[WhiteElo "1763"]
[BlackElo "1540"]
[Opening "Queen's Indian: Nimzovich variation (exaggerated fianchetto)"]
[ECO "E15"]
[Time "18:15:02"]
[TimeControl "2700+45"]

1. d4 Nf6 2. c4 e6 3. Nf3 b6 4. g3 Ba6 5. b3 c5 6. Bg2 Bb7 7. O-O d6 8. Bb2 Nbd7
9. Nc3 Ne4 10. d5 Nxc3 11. Bxc3 e5 12. Qc2 Be7 13. a4 O-O 14. a5 f5 15. axb6
axb6 16. Rxa8 Bxa8 17. Bh3 e4 18. Ne1 Qe8 19. Ng2 Bg5 20. f4 Bh6 21. Ne3 g6 22.
Bb2 Rf7 23. g4 fxg4 24. Bxg4 Bxf4 25. Be6 Bxe3+ 26. Kg2 Ne5 27. Bxe5 dxe5 28.
Bxf7+ Qxf7 29. Rxf7 Kxf7 30. Qxe4 Bg5 31. Qxe5 Be7 32. Qe6+ {Black resigns} 1-0

[Event "Team 45 45 League T60"]
[Site "Internet Chess Club"]
[Date "2014.03.28"]
[Round "5"]
[White "netballgirl"]
[Black "DaveTheRook"]
[Result "1-0"]
[WhiteElo "1738"]
[BlackElo "1625"]
[Opening "King's Indian: Sämisch variation"]
[ECO "E80"]
[Time "19:15:37"]
[TimeControl "2700+45"]

1. d4 Nf6 2. c4 g6 3. Nc3 Bg7 4. e4 d6 5. f3 Nbd7 6. Bg5 c6 7. Qd2 O-O 8. O-O-O
Qa5 9. Kb1 Re8 10. Nge2 a6 11. Ng3 b5 12. h4 b4 13. Nce2 h5 14. Bh6 Rb8 15. b3
Kh7 16. Bxg7 Kxg7 17. Qg5 Qa3 18. Nf5+ Kg8 19. Neg3 e6 20. Nxd6 Nh7 21. Qf4 e5
22. Qxf7+ {Black resigns} 1-0

[Event "Team 45 45 League T60"]
[Site "Internet Chess Club"]
[Date "2014.03.30"]
[Round "5"]
[White "nanning"]
[Black "houseofcook"]
[Result "1-0"]
[WhiteElo "1586"]
[BlackElo "1494"]
[Opening "Catalan: closed, 5.Nf3"]
[ECO "E06"]
[Time "05:00:27"]
[TimeControl "2700+45"]

1. d4 Nf6 2. c4 e6 3. g3 d5 4. Nf3 Be7 5. Bg2 O-O 6. O-O dxc4 7. Qc2 a6 8. Qxc4
b5 9. Qc2 Bb7 10. Bd2 Nbd7 11. Ba5 Rc8 12. Nbd2 Bd6 13. e4 e5 14. b4 Rb8 15.
Rac1 Ne8 16. Nb3 exd4 17. Nfxd4 Ne5 18. Nd2 Qd7 19. Nf5 g6 20. Nxd6 Qxd6 21.
Rfd1 Qe7 22. Qc5 Qxc5 23. Rxc5 Nc6 24. Nb3 Nxa5 25. Nxa5 Ba8 26. Nc6 Bxc6 27.
Rxc6 Ng7 28. Rxc7 Ne6 29. Rc6 Ra8 30. e5 Ra7 31. f4 a5 32. Rb6 axb4 33. Rxb5
Rxa2 34. Rxb4 Rfa8 35. Rdb1 R8a4 36. Bd5 Ra1 37. Kg2 Rxb1 38. Rxb1 Nd4 39. Rb7
Ne6 40. Kh3 Ra6 41. Kh4 h6 42. Rb8+ Kg7 43. Re8 Ra2 44. Bxa2 {Black resigns} 1-0

[Event "Team 45 45 League T60"]
[Site "Internet Chess Club"]
[Date "2014.03.30"]
[Round "5"]
[White "seattleblues"]
[Black "Megasus"]
[Result "0-1"]
[WhiteElo "1456"]
[BlackElo "1497"]
[Opening "Queen's pawn game"]
[ECO "A46"]
[Time "05:07:27"]
[TimeControl "2700+45"]

1. d4 Nf6 2. Nf3 d6 3. Bf4 h6 4. h3 Bf5 5. e3 Nc6 6. Nbd2 Nb4 7. Bb5+ c6 8. Ba4
Qa5 9. c3 Nd3+ 10. Kf1 Nxb2 11. Qb3 Nxa4 12. Rc1 Bd3+ 13. Kg1 b5 14. Kh2 Nd5 15.
c4 Nxf4 16. exf4 Nb6 17. c5 Bc4 18. Nxc4 Nxc4 19. cxd6 Rd8 20. dxe7 Bxe7 21.
Rhe1 Rd7 22. Ne5 Nxe5 23. Rxe5 Qb6 24. d5 cxd5 25. Rc8+ Rd8 26. Qb4 Qb7 27.
Rxe7+ Qxe7 28. Qxb5+ Qd7 29. Qe2+ Kf8 {White forfeits on time} 0-1

[Event "Team 45 45 League T60"]
[Site "Internet Chess Club"]
[Date "2014.03.29"]
[Round "5"]
[White "imgr8"]
[Black "SlimeDog2"]
[Result "1-0"]
[WhiteElo "2185"]
[BlackElo "2015"]
[Opening "Giuoco Piano"]
[ECO "C54"]
[Time "14:11:53"]
[TimeControl "2700+45"]

1. e4 e5 2. Nf3 Nc6 3. Bc4 Bc5 4. c3 Nf6 5. d3 a6 6. O-O d6 7. Bb3 O-O 8. Re1
Ba7 9. h3 Ne7 10. Nbd2 Ng6 11. Nf1 b5 12. Ng3 c5 13. d4 h6 14. Bc2 Re8 15. Nf5
exd4 16. cxd4 cxd4 17. N3xd4 Bb7 18. Nxg7 Kxg7 19. Nf5+ Kh7 20. Nxd6 Re7 21. e5
Qb6 22. Be3 Qc6 23. Nxb7 Rxe5 24. Na5 Qc7 25. Qf3 Nd5 26. Bxg6+ fxg6 27. Bxa7
Rxa7 28. Rxe5 Qxe5 29. Nc6 Qxb2 30. Re1 Rd7 31. Ne5 Qb3 {Black resigns} 1-0

[Event "Team 45 45 League T60"]
[Site "Internet Chess Club"]
[Date "2014.03.28"]
[Round "5"]
[White "cysk"]
[Black "RobertStephen"]
[Result "0-1"]
[WhiteElo "1772"]
[BlackElo "1960"]
[Opening "Caro-Kann: advance variation"]
[ECO "B12"]
[Time "18:01:57"]
[TimeControl "2700+45"]

1. e4 c6 2. d4 d5 3. e5 Bf5 4. h4 h5 5. Be2 g6 6. Nf3 Bg7 7. O-O Nd7 8. c4 dxc4
9. Bxc4 Nb6 10. Bb3 Rc8 11. Nc3 Bg4 12. Bxf7+ Kxf7 13. Qb3+ Kf8 14. Ng5 Nh6 15.
Be3 Rb8 16. Rac1 Nd5 17. Nxd5 Qxd5 18. Qa4 Ra8 19. Rc5 Qd7 20. Qb3 e6 21. Rfc1
Nf7 22. d5 exd5 23. e6 Bxe6 24. Nxe6+ Qxe6 25. Qxb7 Qc8 26. Qb3 Qb8 27. Qc2 Ne5
28. f4 Nc4 29. Rxc6 Kg8 30. Qxg6 Rh6 31. Qg5 Rxc6 32. Qxd5+ Kh7 33. Qxc6 Nxe3
34. Qe4+ Kh8 35. Qxe3 Qxb2 36. Rd1 Qb6 37. Kf2 Bf6 38. g3 Kg7 39. Kf3 Qxe3+ 40.
Kxe3 Kg6 41. Rd5 Rd8 42. Ra5 Rd7 43. Kf3 Bd8 44. Ra6+ Bb6 45. g4 Rd3+ 46. Ke2
Rh3 47. gxh5+ Kxh5 48. f5 Kxh4 49. f6 Re3+ 50. Kd2 Rf3 51. f7 Rxf7 52. Kc3 Kg5
53. Ra4 Rf2 54. Kb3 Kf5 55. Rb4 Ke5 56. Rb5+ Kd4 57. Rg5 Rf3+ 58. Kb4 Rf1 59.
Rg4+ Kd3 60. Rg3+ Be3 61. Kb3 Rb1+ 62. Ka3 Rb6 63. Ka4 Kc4 64. Rg4+ Bd4 65. Ka5
Rb5+ 66. Ka4 Rb1 67. Rh4 Rb6 68. Ka5 Rb5+ 69. Ka4 Rb1 70. Ka5 Re1 71. Ka4 Re6
72. Ka5 Re3 73. Ka4 Re2 74. Ka3 Re6 {White resigns} 0-1

[Event "Team 45 45 League T60"]
[Site "Internet Chess Club"]
[Date "2014.04.01"]
[Round "5"]
[White "Atwode"]
[Black "JustinL"]
[Result "1-0"]
[WhiteElo "1879"]
[BlackElo "1982"]
[Opening "Sicilian: Canal-Sokolsky attack, 3...Bd7"]
[ECO "B52"]
[Time "12:01:55"]
[TimeControl "2700+45"]

1. Nf3 c5 2. e4 d6 3. Bb5+ Bd7 4. Bxd7+ Qxd7 5. O-O Nc6 6. Qe2 e5 7. Rd1 g6 8.
c3 Bg7 9. Na3 d5 10. exd5 Qxd5 11. d4 cxd4 12. cxd4 Rd8 13. Bg5 f6 14. dxe5 Qe6
15. Rxd8+ Nxd8 16. Qb5+ Kf8 17. exf6 Bxf6 18. Re1 Qf7 19. Nc4 h6 20. Nd6 Qc7 21.
Qe8+ Kg7 22. Bxf6+ Nxf6 23. Re7+ Qxe7 24. Qxe7+ {Black resigns} 1-0

[Event "Team 45 45 League T60"]
[Site "Internet Chess Club"]
[Date "2014.03.30"]
[Round "5"]
[White "Portola"]
[Black "willhelm"]
[Result "0-1"]
[WhiteElo "1744"]
[BlackElo "1949"]
[Opening "Queen's pawn game"]
[ECO "D00"]
[Time "16:00:39"]
[TimeControl "2700+45"]

1. d4 d5 2. c3 Nf6 3. Bf4 c6 4. e3 Bf5 5. Bd3 Bxd3 6. Qxd3 Qb6 7. Qe2 Nbd7 8.
Nf3 e6 9. O-O c5 10. Qc2 Bd6 11. Bg3 O-O 12. Nbd2 Bxg3 13. hxg3 Rac8 14. Rfe1
Rfd8 15. a4 h6 16. a5 Qc7 17. Qb3 b6 18. axb6 axb6 19. Ra2 e5 20. Rea1 e4 21.
Ne1 c4 22. Qd1 b5 23. Nc2 Nb6 24. Ra7 Qb8 25. R1a6 Na4 26. Qa1 Rc7 27. Rxc7 Qxc7
28. Nb4 Ng4 29. Nf1 Qd7 30. f3 exf3 31. gxf3 Nf6 32. Qb1 Qh3 33. Nc6 Re8 34. Ne5
Qc8 35. Ra7 Rf8 36. Kg2 Qb8 37. Ra6 Qb7 38. Rxf6 gxf6 39. Ng4 Kg7 40. Qf5 Qc6
41. Qh5 Rh8 42. Nd2 Qe6 43. f4 f5 44. Ne5 Nxb2 45. g4 fxg4 46. f5 Qf6 47. Nxg4
Qg5 48. f6+ Kg8 49. Qxg5+ hxg5 50. Nf3 Nd3 51. Nd2 b4 52. cxb4 c3 53. Nb3 c2 54.
b5 Kh7 55. Ne5 Nxe5 56. dxe5 Rb8 {White resigns} 0-1

[Event "Team 45 45 League T60"]
[Site "Internet Chess Club"]
[Date "2014.03.27"]
[Round "5"]
[White "Ptzz"]
[Black "jjimalo"]
[Result "1/2-1/2"]
[WhiteElo "2018"]
[BlackElo "1924"]
[Opening "Sicilian: Canal-Sokolsky attack, Sokolsky variation"]
[ECO "B52"]
[Time "13:01:59"]
[TimeControl "2700+45"]

1. e4 c5 2. Nf3 d6 3. Bb5+ Bd7 4. Bxd7+ Qxd7 5. c4 Nf6 6. Nc3 g6 7. d4 cxd4 8.
Nxd4 Bg7 9. f3 O-O 10. O-O Rc8 11. b3 d5 12. Nxd5 e6 13. Nxf6+ Bxf6 14. Be3 Rd8
15. Nb5 Qe7 16. Qc1 a6 17. Nc3 Rd3 18. Bd2 Nc6 19. f4 Qc5+ 20. Kh1 Qd4 21. Rd1
Rd8 22. Be1 Rxd1 23. Qxd1 Qe3 24. Qf3 Bd4 25. Qxe3 Bxe3 26. g3 Bd2 27. Rd1 Bxe1
28. Rxe1 Rd3 29. Na4 Rd2 30. Nc5 Nd4 31. Re3 b6 32. Nxa6 Rxa2 33. Nb8 Rb2 34.
Nd7 Nxb3 35. Nxb6 Nd2 36. c5 Rc2 37. Nd7 Nf1 38. Rd3 Nxh2 39. Nf6+ Kg7 40. e5 h5
41. Ne4 Ng4 42. Rc3 Rxc3 43. Nxc3 Kf8 44. Ne4 Ke7 45. Kg2 Kd7 46. Kf3 Kc6 47.
Ke2 Kd5 48. Kd3 Nh6 49. Ke3 Nf5+ 50. Kf3 Nd4+ 51. Ke3 Nf5+ 52. Kf3 Nd4+ 53. Ke3
Nf5+ 54. Kf3 Nd4+ {Game drawn by repetition} 1/2-1/2

[Event "Team 45 45 League T60"]
[Site "Internet Chess Club"]
[Date "2014.03.29"]
[Round "5"]
[White "santiagoelawad"]
[Black "Holgate"]
[Result "0-1"]
[WhiteElo "1921"]
[BlackElo "1995"]
[Opening "Benko's opening"]
[ECO "A00"]
[Time "16:01:13"]
[TimeControl "2700+45"]

1. g3 g6 2. Bg2 Bg7 3. c4 e5 4. Nc3 d6 5. Nf3 f5 6. d4 e4 7. Ng5 Nc6 8. Be3 Nf6
9. f3 O-O 10. fxe4 Ng4 11. Qd2 Nxe3 12. Qxe3 Nxd4 13. O-O-O c5 14. exf5 Bxf5 15.
Bd5+ Kh8 16. Nf7+ Rxf7 17. Bxf7 Qf8 18. Qf2 Qxf7 19. g4 Bh6+ 20. e3 Be6 21. Qxf7
Bxe3+ 22. Kb1 Bxf7 23. Rhe1 Re8 24. Nd5 Bg5 25. Rxe8+ Bxe8 26. b4 Ba4 27. Re1
cxb4 28. Kb2 a5 29. Re4 Nf3 30. Re6 Ne5 31. Nb6 Bc6 32. Rxd6 Be3 33. Rd8+ Kg7
34. Nd5 Bg5 {White resigns} 0-1

[Event "Team 45 45 League T60"]
[Site "Internet Chess Club"]
[Date "2014.03.27"]
[Round "5"]
[White "Holzschlange"]
[Black "justice02"]
[Result "0-1"]
[WhiteElo "1766"]
[BlackElo "1793"]
[Opening "Réti: Pirc-Lisitsin gambit"]
[ECO "A04"]
[Time "16:00:14"]
[TimeControl "2700+45"]

1. Nf3 f5 2. e4 fxe4 3. Ng5 Nf6 4. Nc3 d5 5. d4 h6 6. Nh3 Bxh3 7. gxh3 e6 8. Bf4
Bd6 9. Qd2 Rf8 10. Rg1 Qe7 11. Be2 Nc6 12. O-O-O O-O-O 13. Kb1 Kb8 14. f3 Bxf4
15. Qxf4 Nxd4 16. Rxd4 e5 17. Rxg7 Qxg7 18. Qxe5 exf3 19. Bxf3 Rfe8 20. Qg3 Qxg3
21. hxg3 c6 22. Kc1 Re3 23. Rf4 Ne4 24. Ne2 Ng5 25. Bg4 Rde8 26. Kd2 Nxh3 {White
resigns} 0-1